 Dungeon Crawl Stone Soup version 0.28.0-45-g0d030f2227 (webtiles) character file.

Game seed: 12704880418294814904

9338 dianekeaton the Basher (level 11, -1/101 HPs)
             Began as a Minotaur Berserker on Apr 4, 2022.
             Was a Priest of Trog.
             Slain by an eight-headed hydra (12 damage)
             ... on level 10 of the Dungeon.
             The game lasted 00:45:33 (13553 turns).

dianekeaton the Basher (Minotaur Berserker)        Turns: 13553, Time: 00:45:34

Health: -1/101     AC: 20    Str: 25    XL:     11   Next: 21%
Magic:  10/10      EV:  9    Int:  4    God:    Trog [***...]
Gold:   164        SH:  0    Dex: 11    Spells: 10/10 levels left

rFire   . . .      SeeInvis .   x - +2 flail (vorpal)
rCold   . . .      Faith    .   (no shield)
rNeg    + . .      Spirit   .   B - +1 plate armour
rPois   .          Reflect  .   (helmet restricted)
rElec   .          Harm     .   (no cloak)
rCorr   .          Rampage  .   a - +0 pair of gloves
Will    .....                   (no boots)
Stlth   ..........              (no amulet)
HPRegen 0.26/turn               F - +4 ring of protection
MPRegen 0.12/turn               j - ring of positive energy

@: about to teleport, studying Axes
A: horns 2, retaliatory headbutt
a: Renounce Religion, Berserk, Trog's Hand


You were on level 10 of the Dungeon.
You worshipped Trog.
Trog was most pleased with you.
You visited 2 branches of the dungeon, and saw 12 of its levels.

You collected 632 gold pieces.
You spent 468 gold pieces at shops.

Inventory:

Hand Weapons
 c - a +4 trident of venom
 x - a +2 vorpal flail (weapon)
Missiles
 b - 4 poisoned darts (quivered)
Armour
 a - a +0 pair of gloves (worn)
 e - the +1 chain mail of Eptyrph {rPois rF+++ Str-2 SInv}
   (You found it on level 4 of the Dungeon)

   Str:       It affects your strength (-2).
   rF:        It renders you almost immune to fire.
   rPois:     It protects you from poison.
   SInv:      It lets you see invisible.
 v - a +0 tower shield
 A - +0 acid dragon scales
 B - a +1 plate armour (worn)
 C - a +1 pair of gloves
 E - a +0 scale mail of fire resistance
Jewellery
 j - a ring of positive energy (right hand)
 w - a ring of magical power
 F - a +4 ring of protection (left hand)
Wands
 D - a wand of digging (2)
Scrolls
 d - 2 scrolls of teleportation
 l - 3 scrolls of magic mapping
 n - a scroll of amnesia
 u - a scroll of vulnerability
 y - 2 scrolls of noise
 H - a scroll of holy word
Potions
 f - 2 potions of heal wounds
 g - a potion of flight
 h - 3 potions of cancellation
 i - 3 potions of magic
 k - 2 potions of attraction
 m - 2 potions of lignification
 o - 2 potions of haste {unknown}
 p - a potion of brilliance {unknown}
 q - 2 potions of curing
 r - a potion of might {unknown}
 s - 2 potions of degeneration {unknown}
 t - 2 potions of mutation {unknown}
 z - a potion of resistance {unknown}


   Skills:
 * Level 10.6 Fighting
 + Level 13.4 Maces & Flails
 + Level 4.4 Throwing
 + Level 9.4 Armour
 * Level 5.8 Dodging
 * Level 5.0 Shields


You had 10 spell levels left.
You didn't know any spells.
Your spell library was empty.

Dungeon Overview and Level Annotations

Branches:
Dungeon (11/15)            Temple (0/1) D:7            Lair (1/6) D:11
    Orc (0/2) D:9

Altars:
Dithmenos
Elyvilon
Gozag
Hepliaklqana
Kikubaaqudgha
Nemelex Xobeh
Qazlal
Ru
Sif Muna
Trog
Uskayaw
Vehumet
The Shining One

Shops:
D:1 *   D:11 =


Innate Abilities, Weirdness & Mutations

You have a pair of horns on your head.
You reflexively headbutt those who attack you in melee.


Message History

The eight-headed hydra bites you.
The eight-headed hydra bites you but does no damage. x2
The eight-headed hydra bites you.
The eight-headed hydra closely misses you. x2
The eight-headed hydra bites you but does no damage.
Throw: 6 darts (poison)
Press: ? - help, Q - select action, (/) - cycle Shift-Dir - straight line, f/p - eight-headed hydra
Aim: an eight-headed hydra (heavily wounded, poisoned, 81% to hit)
You throw a poisoned dart.
The poisoned dart hits the eight-headed hydra.
The eight-headed hydra looks even sicker.
The eight-headed hydra is heavily wounded.
Throw: 5 darts (poison)
Press: ? - help, Q - select action, (/) - cycle Shift-Dir - straight line, f/p - eight-headed hydra
Aim: an eight-headed hydra (heavily wounded, very poisoned, 81% to hit)
You throw a poisoned dart.
The poisoned dart barely misses the eight-headed hydra.
The poisoned dart barely misses the kobold brigand.
The poisoned dart hits the kobold!
The kobold is poisoned.
Trog accepts your kill.
You feel a bit more experienced.
The eight-headed hydra bites you but does no damage. x2
The eight-headed hydra bites you! The eight-headed hydra bites you.
The eight-headed hydra completely misses you.
The eight-headed hydra bites you! The eight-headed hydra bites you.
The eight-headed hydra closely misses you.
The eight-headed hydra looks more healthy.
The eight-headed hydra bites you but does no damage.
The eight-headed hydra bites you! x2
* * * LOW HITPOINT WARNING * * *
The eight-headed hydra closely misses you.
The eight-headed hydra bites you!
* * * LOW HITPOINT WARNING * * *
The eight-headed hydra closely misses you.
The eight-headed hydra bites you but does no damage. x2
There is a stone staircase leading down here.
As you read the scroll of teleportation, it crumbles to dust.
You feel strangely unstable. The eight-headed hydra bites you!
You die...

#.....# #. ###.###
#.#### #.# ....
#####.##### #.###
#.........# #<...
#.#######.## #.)##
#.# #.##.#..# #.#
#.......# #@#
#....##.## #D#
#.#....... #K#
#..#......
#.#######.#.###...
#.K..K....# #.#.
######.#### #.#.
#.# #... #K# #.##
#.# #.#


You could see an eight-headed hydra, a kobold brigand and a kobold.

Vanquished Creatures
  A boulder beetle (D:11)
  A two-headed ogre (D:10)
  2 cane toads (D:11)
  A gargoyle (D:9)
  2 unseen horrors
  2 komodo dragons (D:11)
  3 trolls
  Grinder (D:3)
  A shadow (D:11)
  A wyvern (D:7)
  Sigmund (D:6)
  A vampire (D:9)
  3 wraiths
  4 yaks (D:10)
  2 wargs (D:9)
  An acid dragon (D:9)
  2 water moccasins
  Edmund (D:5)
  Duvessa (D:5)
  2 orc warriors
  2 ice beasts
  2 black bears
  3 necrophages
  2 ogres
  3 centaurs
  A kobold brigand (D:9)
  4 bullfrogs
  A scorpion (D:5)
  Blork the orc (D:5)
  A gnoll sergeant (D:9)
  Dowan (D:5)
  5 killer bees (D:9)
  An electric eel (D:9)
  5 howler monkeys
  A bullfrog zombie (D:5)
  2 centaur zombies
  2 bullfrog skeletons
  5 hounds
  An orc priest (D:6)
  Jessica (D:3)
  Terence (D:3)
  7 orc wizards
  A hound zombie (D:5)
  A howler monkey zombie (D:9)
  10 gnolls
  An adder (D:5)
  2 white imps
  4 ufetubi
  3 dart slugs
  2 worms
  20 orcs
  3 bats (D:1)
  3 endoplasms
  5 giant cockroaches
  10 goblins
  4 hobgoblins
  8 kobolds
  2 quokkas
  2 frilled lizards
  6 rats
172 creatures vanquished.

Vanquished Creatures (others)
  37 plants (D:11)
37 creatures vanquished.

Grand Total: 209 creatures vanquished

Notes
Turn   | Place    | Note
-------+----------+-------------------------------------------
     0 | D:1      | dianekeaton the Minotaur Berserker began the quest for the
                  | Orb.
     0 | D:1      | Reached XP level 1. HP: 19/19 MP: 0/0
    88 | D:1      | Reached skill level 4 in Maces & Flails
   319 | D:1      | Found Qiennij's General Store.
   346 | D:1      | Reached XP level 2. HP: 23/26 MP: 1/1
  1125 | D:2      | Reached skill level 5 in Maces & Flails
  1368 | D:2      | Reached XP level 3. HP: 31/31 MP: 2/2
  1413 | D:2      | Found a stormy altar of Qazlal.
  1500 | D:3      | Reached ** piety under Trog
  1699 | D:3      | Noticed Grinder
  1699 | D:3      | Paralysed by Grinder for 4 turns
  1710 | D:3      | Paralysed by Grinder for 7 turns
  1720 | D:3      | Paralysed by Grinder for 4 turns
  1729 | D:3      | Killed Grinder
  1730 | D:3      | Reached skill level 7 in Maces & Flails
  1730 | D:3      | Reached skill level 1 in Throwing
  1730 | D:3      | Reached XP level 4. HP: 19/39 MP: 3/3
  1730 | D:3      | Reached XP level 5. HP: 23/45 MP: 4/4
  1840 | D:3      | Noticed Terence
  1847 | D:3      | Killed Terence
  1848 | D:3      | Reached skill level 8 in Maces & Flails
  1848 | D:3      | Reached XP level 6. HP: 50/51 MP: 5/5
  1982 | D:3      | Noticed Jessica
  1988 | D:3      | Killed Jessica
  2070 | D:3      | Found an opulent altar of Gozag.
  2070 | D:3      | Found a shadowy altar of Dithmenos.
  2071 | D:3      | Found a white marble altar of Elyvilon.
  2080 | D:3      | Found a hazy altar of Hepliaklqana.
  2085 | D:3      | Found a glowing golden altar of the Shining One.
  2086 | D:3      | Found a hide-covered altar of Uskayaw.
  2097 | D:3      | Found a sacrificial altar of Ru.
  2100 | D:3      | Found a sparkling altar of Nemelex Xobeh.
  2101 | D:3      | Found an ancient bone altar of Kikubaaqudgha.
  2154 | D:3      | Found a faded altar of an unknown god.
  2830 | D:4      | Identified the +1 chain mail of Eptyrph {rPois rF+++ Str-2
                  | SInv}
  3116 | D:4      | Reached skill level 9 in Maces & Flails
  3116 | D:4      | Reached XP level 7. HP: 18/57 MP: 6/6
  3797 | D:5      | Entered Level 5 of the Dungeon
  3810 | D:5      | Noticed Blork the orc
  3823 | D:5      | Killed Blork the orc
  4296 | D:5      | Reached skill level 10 in Maces & Flails
  4774 | D:5      | Noticed Dowan
  4775 | D:5      | Noticed Duvessa
  4793 | D:5      | Killed Duvessa
  4802 | D:5      | Killed Dowan
  4803 | D:5      | Reached XP level 8. HP: 19/67 MP: 7/7
  5109 | D:5      | Noticed Edmund
  5134 | D:5      | Killed Edmund
  5135 | D:5      | Reached skill level 5 in Fighting
  5135 | D:5      | Reached skill level 11 in Maces & Flails
  5525 | D:6      | Noticed Sigmund
  5859 | D:5      | You fall into a shaft and drop 2 floors!
  5859 | D:7      | Found a staircase to the Ecumenical Temple.
  6158 | D:7      | Reached XP level 9. HP: 55/78 MP: 8/8
  6748 | D:7      | Found a bloodstained altar of Trog.
  6772 | D:7      | Found a shimmering blue altar of Sif Muna.
  7458 | D:6      | Killed Sigmund
  7458 | D:6      | Reached *** piety under Trog
  7459 | D:6      | Reached skill level 12 in Maces & Flails
  7459 | D:6      | Reached skill level 5 in Armour
  7548 | D:6      | Found a radiant altar of Vehumet.
  8293 | D:8      | Noticed a cyan ugly thing
  8386 | D:9      | Reached skill level 1 in Shields
  8396 | D:9      | Found a staircase to the Orcish Mines.
  8445 | D:9      | Noticed a troll
  8466 | D:9      | Killed a troll
  8519 | D:9      | Noticed a gargoyle
  8552 | D:9      | Killed a gargoyle
  8580 | D:9      | Reached XP level 10. HP: 48/90 MP: 9/9
  9274 | D:10     | Entered Level 10 of the Dungeon
 10973 | D:10     | Noticed an eight-headed hydra
 11018 | D:11     | Noticed a boulder beetle
 11029 | D:10     | Noticed a two-headed ogre
 11037 | D:10     | Killed a two-headed ogre
 11116 | D:10     | Reached skill level 13 in Maces & Flails
 11146 | D:11     | Found a shimmering blue altar of Sif Muna.
 11160 | D:10     | Reached skill level 5 in Dodging
 11179 | D:10     | Reached skill level 10 in Fighting
 11498 | D:11     | Reached **** piety under Trog
 12118 | D:11     | Killed a boulder beetle
 12119 | D:11     | Reached XP level 11. HP: 49/101 MP: 10/10
 12370 | D:11     | Found Nuchiom's Jewellery Shop.
 12385 | D:11     | Bought a +4 ring of protection for 468 gold pieces
 12427 | D:11     | Found a staircase to the Lair.
 12651 | Lair:1   | Entered Level 1 of the Lair of Beasts
 13427 | D:10     | Reached skill level 5 in Shields
 13553 | D:10     | Slain by an eight-headed hydra

Illustrated notes

Levels and vault maps discovered:
D:1:      co_arrival_square_in_a_square_in_a_square, layout_basic, serial_shops,
          shop, roderic_serpentine_path, hangedman_glass_teeth
D:2:      layout_rooms, basic_altar
D:3:      layout_basic, nicolae_overflow_hallway_of_the_gods,
          hellmonk_ecumenical_altar_zigzags, serial_corexii_hall,
          corexii_hall_statues_i, chequers_hall_statues_y, uniq_terence,
          uniq_grinder, uniq_jessica
D:4:      layout_gridville, minmay_manual_mandibuliform
D:5:      layout_loops_ring, uniq_blork_the_orc, uniq_edmund, uniq_duvessa
D:6:      layout_layer_cave, vehumet_crystals, kennysheep_minor_cross,
          st_stairs_4, chequers_serial_rivers_small_3, corexii_checkpoint_a,
          kennysheep_generic_room_15, uniq_sigmund
D:7:      layout_basic, nzn_overflow_gifts_of_might_and_magic,
          minmay_temple_entry_mini_moons, amcnicky_mini_pool_small,
          minmay_misc_feat_columns, hex_intersection
D:8:      layout_rooms, gammafunk_ghost_icy, uniq_joseph
D:9:      layout_rooms, minmay_orc_entry_guard_dogs, kennysheep_dice
D:10:     layout_loops_ring, hangedman_decor_riveting
D:11:     layout_basic, david_lair_shrubbed, minmay_shop_enchanted_jewellery,
          nicolae_sif_muna_condensation
Lair:1:   layout_misc_corridors, nicolae_quartered_pool_little,
          chequers_serial_rivers_small_3, uniq_erica, uniq_grum

Skill      XL: |  1  2  3  4  5  6  7  8  9 10 11 |
---------------+----------------------------------+-----
Maces & Flails | 4 5 7 8 9 10 11 12 13 | 13.4
Throwing       | 1 2 3 4 |  4.4
Fighting       | 4 6 8 10 | 10.6
Armour         | 4 6 8 9 |  9.4
Shields        | 2 4 5 |  5.0
Dodging        | 3 5 |  5.8

Action                   |  1- 3 |  4- 6 |  7- 9 | 10-12 || total
-------------------------+-------+-------+-------+-------++-------
Melee: Mace              |    91 |    40 |    81 |       ||   212
       Headbutt          |     6 |     3 |    34 |    40 ||    83
       Punch             |     2 |       |     3 |     4 ||     9
       Flail             |       |       |   157 |   202 ||   359
Throw: Dart              |     6 |    10 |    17 |    13 ||    46
Invok: Berserk           |     1 |     1 |     4 |     4 ||    10
       Trog's Hand       |     1 |       |       |     1 ||     2
       Brothers in Arms  |       |       |       |     1 ||     1
Evoke: Wand              |       |       |    15 |     9 ||    24
  Use: Scroll            |     4 |     1 |     6 |     9 ||    20
       Potion            |       |       |     2 |     5 ||     7
 Stab: Sleeping          |     1 |       |       |       ||     1
Armor: Chain mail        |    57 |    26 |    74 |       ||   157
       Animal skin       |     1 |       |       |       ||     1
       Plate armour      |       |       |    45 |   231 ||   276
Dodge: Dodged            |    34 |    16 |    89 |    94 ||   233
